 Dungeon Crawl Stone Soup version 0.24-a0-176-gc3651c4 (webtiles) character file.

Game seed: 13489906995131000795

9 Dfrag the Firebug (level 2, 9/19 HPs)
             Began as a Demonspawn Fire Elementalist on Mar 12, 2019.
             Quit the game on level 1 of the Dungeon.
             The game lasted 00:00:30 (210 turns).

Dfrag the Firebug (Demonspawn Fire Elementalist)     Turns: 210, Time: 00:00:31

Health: 9/19       AC:  2    Str:  8    XL:     2   Next: 6%
Magic:  3/5        EV: 12    Int: 16    God:
Gold:   0          SH:  0    Dex: 13    Spells: 4/5 levels left

rFire    . . .     SeeInvis .   (no weapon)
rCold    . . .     Gourm    .   (no shield)
rNeg     . . .     Faith    .   a - +0 robe
rPois    .         Spirit   .   (helmet restricted)
rElec    .         Reflect  .   (no cloak)
rCorr    .         Harm     .   (no gloves)
MR       .....                  (no boots)
Stlth    ++........             (no amulet)
HPRegen  0.06/turn              (no ring)
MPRegen  0.09/turn              (no ring)

@: very slightly contaminated
A: horns 1
a: no special abilities


You were on level 1 of the Dungeon.
You were not hungry.

You visited 1 branch of the dungeon, and saw 1 of its levels.

Inventory:

Armour
 a - a +0 robe (worn)
Scrolls
 b - a scroll of amnesia {unknown}
 e - a scroll of teleportation {unknown}
Potions
 d - a potion of heal wounds {unknown}
Comestibles
 c - a ration


   Skills:
 - Level 1.7 Dodging
 - Level 1.7 Stealth
 + Level 2.2 Spellcasting
 + Level 1.4 Conjurations
 + Level 2.9 Fire Magic


You had 4 spell levels left.
You knew the following spells:

 Your Spells              Type           Power        Failure   Level  Hunger
a - Flame Tongue          Conj/Fire      #....        9%          1    #......

Your spell library contained the following spells:

 Spells                   Type           Power        Failure   Level  Hunger
 Throw Flame              Conj/Fire      #.....       12%         2    ###....
 Conjure Flame            Conj/Fire      #.......     24%         3    ###....
 Inner Flame              Hex/Fire       #.......     32%         3    ###....
 Sticky Flame             Conj/Fire      #.......     63%         4    #####..
 Fireball                 Conj/Fire      #.........   92%         5    ######.


Dungeon Overview and Level Annotations

Branches:
Dungeon (1/15)

Altars:


Innate Abilities, Weirdness & Mutations

You have a pair of small horns on your head.


Message History

Confirm with . or Enter, or press ? or * to list all spells.
You can't see any susceptible monsters within range! (Use Z to cast anyway.) Unknown command.
The bat closely misses you.
Casting: Flame Tongue (safe; 9% risk of failure)
Confirm with . or Enter, or press ? or * to list all spells.
Aiming: Flame Tongue (safe; 9% risk of failure)
Press: ? - help, Shift-Dir - straight line, f - bat
Aim: a bat You miscast Flame Tongue.
You are very lightly contaminated with residual magic.
Nothing appears to happen.
The bat barely misses you.
Casting: Flame Tongue (safe; 9% risk of failure)
Confirm with . or Enter, or press ? or * to list all spells.
Aiming: Flame Tongue (safe; 9% risk of failure)
Press: ? - help, Shift-Dir - straight line, f/p - bat
Aim: a bat The flame tongue hits the bat.
You kill the bat!
Are you sure you want to abandon this character and quit the game? (Confirm with "yes".)

#......# #......# #.
#......# ... #......#
#.# #......# ...
####.##.####.#.#
##..>.##..#.....#
..#####..######...#.#...
#.....#.### #.@.†.....
.# #.....###...#.#.#...
..####..#............. .
....†......##.#.#.#.#.#
.#.##..##..##...........
#..#.## #....##### ##..
##....#####.## ### #
##.......#..#....
#.#####..#.....#


There were no monsters in sight!

Vanquished Creatures
  2 bats (D:1)
  2 giant cockroaches (D:1)
  2 kobolds (D:1)
  3 rats (D:1)
9 creatures vanquished.

Notes
Turn   | Place    | Note
-------+----------+-------------------------------------------
     0 | D:1      | Dfrag the Demonspawn Fire Elementalist began the quest for
                  | the Orb.
     0 | D:1      | Reached XP level 1. HP: 13/13 MP: 3/3
   129 | D:1      | Gained mutation: You have a pair of small horns on your
                  | head. [demonic ancestry]
   129 | D:1      | Reached XP level 2. HP: 4/19 MP: 0/5
   210 | D:1      | Quit the game

Levels and vault maps discovered:
D:1:      matt_arrival_refuge, layout_rooms, hangedman_decor_riveting,
          minmay_misc_feat_pillars

Action                   || total
-------------------------++-------
Melee: Unarmed           ||    28
 Cast: Flame Tongue      ||    12
Armor: Robe              ||     6
Dodge: Dodged            ||    22

Table legend:
 A = Non-vault XP
 B = Vault XP
 C = Vault XP percentage of total XP
 D = Non-vault monster count
 E = Vault monster count
 F = Vault count percentage of total count
                 A         B        C        D         E       F
            +---------+---------+-------+---------+---------+-------
      Total |      14 |       0 |   0.0 |       9 |       0 |   0.0
            +---------+---------+-------+---------+---------+-------
        D:1 |      14 |       0 |   0.0 |       9 |       0 |   0.0
            +---------+---------+-------+---------+---------+-------
